 Dungeon Crawl Stone Soup version 0.26-a0-737-g4e9f4955e2 (webtiles) character file.

Game seed: 17508491983692779075

8578 mhtbhm the Cleaver (level 11, -4/99 HPs)
             Began as a Minotaur Berserker on Nov 4, 2020.
             Was a High Priest of Trog.
             Slain by an orc warrior
             ... wielding a +0 vorpal mace
             ... led by an orc high priest
              (5 damage)
             ... on level 10 of the Dungeon.
             The game lasted 00:18:32 (10240 turns).

mhtbhm the Cleaver (Minotaur Berserker)            Turns: 10240, Time: 00:18:33

Health: -4/99      AC: 10    Str: 25    XL:     11   Next: 11%
Magic:  3/3        EV: 15    Int:  4    God:    Trog [*****.]
Gold:   464        SH:  4    Dex: 12    Spells: 10/10 levels left

rFire    . . .     SeeInvis .   a - +2 broad axe (antimagic)
rCold    . . .     Faith    .   x - +0 buckler
rNeg     . . .     Spirit   .   b - +0 chain mail
rPois    +         Reflect  .   m - +2 hat
rElec    +         Harm     .   C - +0 cloak
rCorr    .         Rampage  .   (no gloves)
MR       .....                  (no boots)
Stlth    ..........             v - amulet of Xom's Capriciousness {rElec Regen+}
HPRegen  0.00/turn              E - ring of poison resistance
MPRegen  0.08/turn              q - +4 ring of evasion

@: berserk cooldown, slowed, very slow
A: retaliatory headbutt, horns 2, agile 1, deformed body, inhibited regeneration
a: Berserk, Trog's Hand, Brothers in Arms, Renounce Religion


You were on level 10 of the Dungeon.
You worshipped Trog.
Trog was extremely pleased with you.
You visited 2 branches of the dungeon, and saw 11 of its levels.

You collected 724 gold pieces.
You spent 260 gold pieces at shops.

Inventory:

Hand Weapons
 a - a +2 antimagic broad axe (weapon)
Missiles
 u - 35 poisoned darts (quivered)
Armour
 b - a +0 chain mail (worn)
 m - a +2 hat (worn)
 x - a +0 buckler (worn)
 A - a +0 kite shield
 C - a +0 cloak (worn)
Jewellery
 d - an uncursed ring of protection from cold
 q - a +4 ring of evasion (right hand)
 r - an uncursed ring of stealth
 v - the amulet of Xom's Capriciousness (around neck) {rElec Regen+}
   (You found it on level 6 of the Dungeon)

   [amulet of regeneration]

   It insulates you from electricity.
   It increases your rate of regeneration.
 E - a ring of poison resistance (left hand)
Wands
 t - a wand of flame (19)
 w - a wand of polymorph (4)
Scrolls
 e - 7 scrolls of teleportation
 j - 2 scrolls of immolation
 l - a scroll of fear
 n - 5 scrolls of blinking
 o - a scroll of fog
 p - 3 scrolls of remove curse
 s - a scroll of holy word
 y - a scroll of enchant weapon
 D - a scroll of enchant armour
Potions
 c - a potion of cancellation
 f - 6 potions of haste
 g - 6 potions of curing
 h - a potion of flight
 i - a potion of heal wounds
 k - 3 potions of might
 z - a potion of berserk rage
 B - 2 potions of ambrosia {unknown}
 F - a potion of brilliance {unknown}
Miscellaneous
 H - a phantom mirror
 I - a phantom mirror


   Skills:
 + Level 9.9 Fighting
 + Level 13.5 Axes
 + Level 1.5 Throwing
 + Level 9.7 Armour
 + Level 6.6 Dodging
 + Level 2.2 Stealth
 + Level 2.1 Shields


You had 10 spell levels left.
You didn't know any spells.
Your spell library was empty.

Dungeon Overview and Level Annotations

Branches:
Dungeon (10/15)            Temple (0/1) D:5            Lair (0/6) D:10
    Orc (1/2) D:10

Altars:
Ashenzari
Cheibriados
Dithmenos
Gozag
Makhleb
Okawaru
Ru
Vehumet
Xom
Beogh

Shops:
D:8 =


Innate Abilities, Weirdness & Mutations

You reflexively headbutt those who attack you in melee.
You have a pair of horns on your head.
You are agile. (Dex +2)
Armour fits poorly on your strangely shaped body.
You do not regenerate when monsters are visible.


Message History

The orc high priest calls upon Beogh to heal the orc warrior.
The orc warrior's wounds heal themselves!
The sun demon barely misses you. You furiously retaliate!
You headbutt the sun demon, but do no damage.
The ynoxinul gestures.
You climb upwards.
Welcome back to the Dungeon!
There is a staircase to the Orcish Mines, spattered with blood here.
You feel better. You block the orc warrior's attack.
You hit the orc warrior.
The orc warrior is lightly wounded.
The orc warrior completely misses you. The orc warrior barely misses you.
You furiously retaliate!
You headbutt the orc warrior. You slash the orc warrior!
The orc warrior is heavily wounded.
The orc warrior hits you with a +0 vorpal mace!
* * * LOW HITPOINT WARNING * * *
x2 You hit the orc warrior.
The orc warrior is severely wounded.
The orc warrior hits you with a +0 vorpal mace.
You die...

...............# #...............
...............# #...............
..........###### ###.##).........
##........#...# #...#)........>
#........#.8.# #.8.)..........
##........#...## ##[.)#..........
..........##.#'###)#)##..........
..........##.##...##.##..........
###.......##.##.@.##.##.....#####
#.......##.##.o.##.##.....#
#.......##.#'###'#.##.....#####
#.......#...#####...#..........
#.......'.8.......8............
#.......#...#####...#.....#####
#.......###########.#.....#
#.........................#
#............####.........#


You could see an orc warrior.

Vanquished Creatures
  2 two-headed ogres
  2 centaur zombies
  2 trolls
  The ghost of Tarmasundar the Cleaver, an amateur DDFi (D:5)
  Grinder (D:4)
  A wyvern (D:6)
  9 yaks
  A warg (Orc:1)
  A water moccasin (D:8)
  5 orc warriors
  A sky beast (D:5)
  A black bear (D:8)
  4 ice beasts
  The ghost of tinescath the Skirmisher, an amateur DsFi (D:4)
  4 ogres
  A necrophage (D:9)
  A phantom (D:7)
  6 bullfrogs
  A wyvern skeleton (D:9)
  7 scorpions
  5 wights (D:6)
  3 howler monkeys
  A quasit (D:9)
  8 hounds
  4 jellies
  A bullfrog skeleton (D:4)
  7 orc priests
  2 centaur skeletons
  3 iguanas
  12 orc wizards
  5 worker ants
  A killer bee zombie (D:10)
  A howler monkey zombie (D:8)
  Robin (D:4)
  2 worker ant zombies
  8 gnolls
  10 adders
  A howler monkey skeleton (D:6)
  2 shadow imps (D:5)
  3 white imps
  2 ufetubi
  An ooze (D:1)
  An adder skeleton (D:4)
  An adder zombie (D:6)
  7 worms
  5 dart slugs
  5 leopard geckos
  56 orcs
  8 giant cockroaches
  17 goblins
  7 hobgoblins
  3 jackals (D:4)
  A ball python (D:6)
  6 bats
  4 frilled lizards
  A giant cockroach zombie (D:5)
  7 kobolds
  A quokka zombie (D:8)
  9 rats
274 creatures vanquished.

Vanquished Creatures (collateral kills)
  2 orc warriors (D:10)
  3 orc priests (D:10)
  6 orcs (D:10)
11 creatures vanquished.

Vanquished Creatures (others)
  2 plants (D:1)
2 creatures vanquished.

Grand Total: 287 creatures vanquished

Notes
Turn   | Place    | Note
-------+----------+-------------------------------------------
     0 | D:1      | mhtbhm the Minotaur Berserker began the quest for the Orb.
     0 | D:1      | Reached XP level 1. HP: 19/19 MP: 0/0
   255 | D:1      | Found an iron altar of Okawaru.
   327 | D:1      | Reached skill level 4 in Axes
   328 | D:1      | Reached XP level 2. HP: 18/27 MP: 1/1
   485 | D:1      | You fall into a shaft and drop 1 floor!
   673 | D:2      | Reached XP level 3. HP: 32/34 MP: 2/2
   706 | D:2      | Reached ** piety under Trog
   857 | D:2      | You fall into a shaft and drop 2 floors!
   867 | D:4      | Reached XP level 4. HP: 39/41 MP: 3/3
  1023 | D:4      | Reached skill level 5 in Fighting
  1023 | D:4      | Reached skill level 5 in Axes
  1371 | D:4      | Noticed Robin
  1384 | D:4      | Reached XP level 5. HP: 48/48 MP: 4/4
  1388 | D:4      | Killed Robin
  1718 | D:3      | Reached skill level 6 in Axes
  2093 | D:3      | Reached *** piety under Trog
  2388 | D:3      | Reached XP level 6. HP: 42/56 MP: 5/5
  2637 | D:3      | Found an opulent altar of Gozag.
  3985 | D:4      | Noticed tinescath's ghost (amateur DsFi)
  3986 | D:4      | Found a runed translucent door.
  3997 | D:4      | Killed tinescath's ghost
  3997 | D:4      | Reached skill level 7 in Axes
  4051 | D:4      | Noticed Grinder
  4053 | D:4      | Paralysed by Grinder for 2 turns
  4058 | D:4      | Killed Grinder
  4058 | D:4      | Reached XP level 7. HP: 64/64 MP: 6/6
  4257 | D:4      | Reached skill level 1 in Stealth
  4735 | D:5      | Entered Level 5 of the Dungeon
  4735 | D:5      | Found a staircase to the Ecumenical Temple.
  4749 | D:5      | Found a burning altar of Makhleb.
  4762 | D:5      | Reached skill level 8 in Axes
  5203 | D:5      | Found a runed translucent door.
  5203 | D:5      | Noticed Tarmasundar's ghost (amateur DDFi)
  5252 | D:5      | Found a snail-covered altar of Cheibriados.
  5318 | D:5      | Killed Tarmasundar's ghost
  5318 | D:5      | Reached XP level 8. HP: 73/73 MP: 7/7
  5410 | D:5      | Reached **** piety under Trog
  5598 | D:5      | Reached skill level 5 in Armour
  5670 | D:5      | Reached skill level 9 in Axes
  5713 | D:5      | Found a sacrificial altar of Ru.
  6485 | D:6      | Reached skill level 10 in Axes
  6485 | D:6      | Reached XP level 9. HP: 80/80 MP: 8/8
  6491 | D:6      | Reached skill level 5 in Dodging
  6638 | D:6      | Got a shimmering jade amulet
  6639 | D:6      | Identified the amulet of Xom's Capriciousness {rElec
                  | Regen+} (You found it on level 6 of the Dungeon)
  6960 | D:7      | Reached ***** piety under Trog
  7005 | D:7      | Found a shadowy altar of Dithmenos.
  7007 | D:7      | Found a radiant altar of Vehumet.
  7056 | D:7      | Found a radiant altar of Vehumet.
  7286 | D:8      | Found Jetrasoa's Jewellery Shop.
  7329 | D:8      | Bought an uncursed ring of poison resistance for 260 gold
                  | pieces
  7397 | D:8      | Noticed a two-headed ogre
  7616 | D:8      | Reached skill level 11 in Axes
  7753 | D:8      | Killed a two-headed ogre
  7930 | D:8      | Gained mutation: Armour fits poorly on your strangely
                  | shaped body. [potion of mutation]
  7930 | D:8      | Gained mutation: You do not regenerate when monsters are
                  | visible. [potion of mutation]
  7930 | D:8      | Gained mutation: You are agile. (Dex +2) [potion of
                  | mutation]
  7945 | D:9      | Reached XP level 10. HP: 90/90 MP: 9/9
  8191 | D:9      | Found a broken altar of Ashenzari.
  8198 | D:9      | Found a shimmering altar of Xom.
  8203 | D:9      | Found a shimmering altar of Xom.
  8203 | D:9      | Found a shimmering altar of Xom.
  8203 | D:9      | Found a shimmering altar of Xom.
  8205 | D:9      | Found a shimmering altar of Xom.
  8274 | D:9      | Reached skill level 1 in Shields
  8299 | D:9      | Reached skill level 1 in Throwing
  8313 | D:9      | Reached skill level 12 in Axes
  8411 | D:9      | Noticed an orb spider
  8473 | D:9      | Noticed a mana viper
  8588 | D:9      | Noticed a two-headed ogre
  8598 | D:9      | Killed a two-headed ogre
  8598 | D:9      | Received a gift from Trog
  8908 | D:9      | Found a roughly hewn altar of Beogh.
  9148 | D:10     | Entered Level 10 of the Dungeon
  9149 | D:10     | Found a staircase to the Lair.
  9159 | D:10     | Reached skill level 13 in Axes
  9364 | D:10     | Reached XP level 11. HP: 70/99 MP: 3/10
  9366 | D:10     | Found a staircase to the Orcish Mines.
 10209 | Orc:1    | Entered Level 1 of the Orcish Mines
 10211 | Orc:1    | Noticed an orc high priest
 10231 | Orc:1    | Noticed a sun demon
 10239 | D:10     | HP: 4/99 [orc warrior/+0 vorpal mace[an orc high priest]
                  | (13)]
 10239 | D:10     | HP: 1/99 [orc warrior/+0 vorpal mace[an orc high priest]
                  | (3)]
 10240 | D:10     | Slain by an orc warrior

Illustrated notes

Levels and vault maps discovered:
D:1:      kennysheep_arrival_seaside, layout_loops_ring,
          okawaru_ov_weapons_minmay
D:2:      minmay_evil_eye, layout_rooms
D:3:      layout_loops_ring, grunt_gozag_statues
D:4:      layout_loops_ring, gammafunk_ghost_grave, minmay_strange_pillars,
          uniq_grinder, uniq_robin
D:5:      cheibrodos_helix_gallery, layout_loops_corners,
          kennysheep_slug_shrine, nicolae_overflow_crystal_walls,
          kennysheep_mini_moat, minmay_temple_entry_butterflies,
          hellmonk_ghost_happy_afterlife, kennysheep_generic_room_13
D:6:      layout_rooms
D:7:      layout_basic, grunt_temple_overflow_open, basic_altar
D:8:      layout_rooms, serial_shops, shop, sigmund_army
D:9:      layout_cave_pods, xom_shifter_show, basic_altar, special_room
          [special_room_orc], kennysheep_generic_room_4
D:10:     layout_small_grid, lair_entry_dummy, hiddenorc2_lemuel
Orc:1:    layout_caves, basic_altar

Skill      XL: |  1  2  3  4  5  6  7  8  9 10 |
---------------+-------------------------------+-----
Axes           | 4 5 6 7 8 10 11 13 | 13.5
Fighting       | 4 5 6 7 8 9 |  9.9
Dodging        | 3 4 6 |  6.6
Armour         | 3 4 6 8 9 |  9.7
Stealth        | 1 2 |  2.2
Shields        | 2 |  2.1
Throwing       | 1 |  1.5

Action                   |  1- 3 |  4- 6 |  7- 9 | 10-12 || total
-------------------------+-------+-------+-------+-------++-------
Melee: Hand axe          |    45 |   164 |   259 |    89 ||   557
       Headbutt          |     8 |    40 |    61 |    46 ||   155
       Broad axe         |       |       |       |   131 ||   131
Throw: Dart              |       |       |     5 |     3 ||     8
Invok: Berserk           |       |     6 |     7 |     6 ||    19
       Brothers in Arms  |       |       |       |     1 ||     1
  Use: Scroll            |       |    10 |    11 |     2 ||    23
       Potion            |       |     1 |     2 |     2 ||     5
 Stab: Sleeping          |       |     1 |       |       ||     1
Armor: Animal skin       |     7 |    14 |       |       ||    21
       Scale mail        |       |    10 |    58 |     4 ||    72
       Chain mail        |       |       |       |    36 ||    36
Dodge: Dodged            |    25 |    81 |   146 |   128 ||   380
Block: Buckler           |       |       |    12 |    23 ||    35

Table legend: (Time is in decaauts)
 A = Elapsed time spent in this place.
 B = Non-inter-level travel time spent in this place.
 C = Inter-level travel time spent in this place.
 D = Time resting spent in this place.
 E = Time spent auto-exploring this place.
 F = Levels seen in this place.
 G = Mean time per level.
                   A        B        C        D        E       F      G
               +--------+--------+--------+--------+--------+-----+--------+
         Total |  10333 |  10333 |      0 |   2487 |   5410 |  11 |  939.4 |
       Dungeon |  10306 |  10306 |      0 |   2487 |   5410 |  10 | 1030.6 |
  Orcish Mines |     27 |     27 |      0 |      0 |      0 |   1 |   27.0 |
               +--------+--------+--------+--------+--------+-----+--------+

Top non-repeatable levels by time:
     D:4: 1786 daAuts
     D:5: 1497 daAuts
     D:9: 1226 daAuts
     D:3: 1171 daAuts
     D:1: 1126 daAuts
    D:10: 1077 daAuts
     D:8: 707 daAuts
     D:2: 704 daAuts
     D:6: 626 daAuts
     D:7: 380 daAuts
   Orc:1: 27 daAuts
